 Dungeon Crawl Stone Soup version 0.28.0-62-gf88900778d (webtiles) character file.

Game seed: 7965173936136790777

86 Froggeryz the Cutter (level 4, 0/49 HPs)
             Began as an Octopode Berserker on Aug 9, 2023.
             Was a Believer of Trog.
             Splashed by a jelly's acid (8 damage)
             ... on level 2 of the Dungeon.
             The game lasted 00:01:22 (1701 turns).

Froggeryz the Cutter (Octopode Berserker)           Turns: 1701, Time: 00:01:23

Health: 0/49       AC:  8    Str: 16    XL:     4   Next: 50%
Magic:  4/4        EV: 13    Int:  9    God:    Trog [**....]
Gold:   32         SH:  0    Dex: 13    Spells: 3/3 levels left

rFire   . . .      SeeInvis .   g - +1 short sword (protect)
rCold   . . .      Faith    .   (no shield)
rNeg    . . .      Spirit   .   (helmet restricted)
rPois   .          Reflect  .   (no amulet)
rElec   .          Harm     .   (no ring)
rCorr   .          Rampage  .   (no ring)
Will    .....                   (no ring)
Stlth   ..........              (no ring)
HPRegen 0.16/turn               (no ring)
MPRegen 0.09/turn               (no ring)
                                (no ring)
                                (no ring)

@: berserking, under a protective aura, very quick
A: almost no armour, amphibious, 8 rings, camouflage 1, gelatinous body 1,
(nimble swimmer 1), tentacles
a: Renounce Religion, Berserk, Trog's Hand


You were on level 2 of the Dungeon.
You worshipped Trog.
Trog was pleased with you.
You visited 1 branch of the dungeon, and saw 2 of its levels.

You collected 32 gold pieces.

Inventory:

Hand Weapons
 g - a +1 short sword of protection (weapon)
Missiles
 b - 3 poisoned darts (quivered)
Scrolls
 c - a scroll of enchant weapon {unknown}
 e - a scroll of brand weapon {unknown}
Potions
 a - a potion of magic {unknown}
 d - a potion of attraction {unknown}
 f - a potion of ambrosia {unknown}


   Skills:
 + Level 3.8 Fighting
 * Level 4.5 Short Blades
 - Level 3.0 Dodging


You had 3 spell levels left.
You didn't know any spells.
Your spell library was empty.

Dungeon Overview and Level Annotations

Branches:
Dungeon (2/15)

Altars:


Innate Abilities, Weirdness & Mutations

You cannot wear most types of armour.
You are amphibious.
You can wear up to eight rings at the same time.
Your skin changes colour to match your surroundings (Stealth+).
Your rubbery body absorbs attacks. (AC +1, EV +1)
((You are camouflaged when in or above water. (Stealth+)))
You have tentacles for arms and can constrict up to eight enemies at once.


Message History

2 jellies and 6 endoplasms come into view.
Found three items.
There is an open door here.
The helpless jelly fails to defend itself.
You puncture the jelly!
Your tentacles burn!
The jelly is heavily wounded.
The endoplasm quivers.
The jelly misses you.
You hit the jelly but do no damage.
Your tentacles burn!
You squeeze the jelly.
The jelly is heavily wounded.
The endoplasm hits the fungus!
The fungus begins to die.
The jelly closely misses you.
You hit the jelly.
Your tentacles burn!
The jelly is almost dead.
The endoplasm hits you but does no damage.
The jelly completely misses you.
You hit the jelly.
Your tentacles burn!
The jelly is almost dead.
You hit the jelly.
You kill the jelly!
Trog accepts your kill. The jelly closely misses you.
The endoplasm barely misses you.
You have reached level 4!
You hit the jelly.
Your tentacles burn!
The jelly is lightly wounded.
The jelly hits you.
You are splashed with acid!
Things that are here:
a +0 dagger; a kobold corpse A red film seems to cover your vision as you go berserk!
You feel yourself moving faster!
You feel mighty! The jelly hits you but does no damage.
You hit the jelly.
Your weapon exudes an aura of protection.
Your tentacles burn!
* * * LOW HITPOINT WARNING * * *
The jelly is heavily wounded.
The jelly hits you.
* * * LOW HITPOINT WARNING * * *
You are splashed with acid!
You die...

..#
##########
..#
#÷P÷P...J?
..#
#.÷....JP.
..#
#J.÷..P.PJ
.##
#.P.÷.PJP.
...
#...P.P..J
#.#
#.........
#
#J#######
##.)JJ@.##
########.#
#....'..##
#....####
#....)..#
#
#.......#
.
#.......#
#
#......(#
#
##.))).##


You could see a jelly and 2 endoplasms.

Vanquished Creatures
  A jelly (D:2)
  An adder (D:2)
  3 worms
  6 ball pythons
  4 bats
  2 endoplasms (D:1)
  2 goblins (D:1)
  3 hobgoblins (D:1)
  3 jackals (D:1)
  8 kobolds
  2 frilled lizards (D:1)
  4 rats
39 creatures vanquished.

Vanquished Creatures (others)
  A fungus (D:2)
  8 toadstools (D:2)
9 creatures vanquished.

Grand Total: 48 creatures vanquished

Notes
Turn   | Place    | Note
-------+----------+-------------------------------------------
     0 | D:1      | Froggeryz the Octopode Berserker began the quest for the
                  | Orb.
     0 | D:1      | Reached XP level 1. HP: 16/16 MP: 1/1
   297 | D:1      | Reached XP level 2. HP: 16/21 MP: 2/2
   601 | D:1      | Found a faded altar of an unknown god.
   666 | D:1      | Reached XP level 3. HP: 26/26 MP: 3/3
  1409 | D:2      | Reached ** piety under Trog
  1419 | D:2      | Reached skill level 4 in Short Blades
  1694 | D:2      | Reached XP level 4. HP: 20/33 MP: 4/4
  1701 | D:2      | Splashed by a jelly's acid

Illustrated notes

Levels and vault maps discovered:
D:1:      co_arrival_square_in_a_square_in_a_square, layout_basic,
          dilly_ecumenical_altar_fadedgnrine, nicolae_wormholes
D:2:      cheibrodos_fertilizer, layout_basic, serial_shops, shop,
          hangedman_decor_push, chequers_serial_rivers_small_a

Skill      XL: |  1  2  3 |
---------------+----------+-----
Short Blades   | 4 |  4.5
Fighting       | |  3.8
Dodging        | |  3.0

Action                   |  1- 3 |  4- 6 || total
-------------------------+-------+-------++-------
Melee: Short sword       |    80 |     2 ||    82
       Constrict         |    23 |       ||    23
       Tentacles         |    18 |       ||    18
Invok: Berserk           |       |     1 ||     1
 Stab: Sleeping          |     5 |       ||     5
Armor: Skin              |    18 |     1 ||    19
Dodge: Dodged            |    63 |       ||    63
